 Dungeon Crawl Stone Soup version 0.26.1-11-gd32895ea62 (webtiles) character file.

Game seed: 16778057377085830795

213 infcreate the Sneak (level 5, 0/37 HPs)
             Began as a Vampire Enchanter on July 28, 2021.
             Slain by an adder (2 damage)
             ... on level 5 of the Dungeon.
             The game lasted 00:14:57 (4685 turns).

infcreate the Sneak (Vampire Enchanter)             Turns: 4685, Time: 00:14:57

Health: 0/37       AC:  2    Str:  7    XL:     5   Next: 59%
Magic:  1/9        EV: 14    Int: 17    God:
Gold:   147        SH:  0    Dex: 16    Spells: 3/9 levels left

rFire    . . .     SeeInvis +   a - +4 dagger
rCold    . . .     Faith    .   (no shield)
rNeg     . . .     Spirit   .   b - +0 robe
rPois    +         Reflect  .   (no helmet)
rElec    .         Harm     .   (no cloak)
rCorr    .         Rampage  .   (no gloves)
Will     .....                  (no boots)
Stlth    +++.......             (no amulet)
HPRegen  0.32/turn              P - ring of poison resistance
MPRegen  0.11/turn              (no ring)

@: regenerating quickly
A: fangs 3, see invisible, unbreathing
a: Exsanguinate


You were on level 5 of the Dungeon.
You visited 1 branch of the dungeon, and saw 4 of its levels.

You collected 147 gold pieces.


Innate Abilities, Weirdness & Mutations

Your natural rate of healing is unusually fast.
You have razor-sharp teeth.
You have supernaturally acute eyesight. (SInv)
You can survive without breathing.


   Skills:
 + Level 1.6 Fighting
 + Level 2.3 Short Blades
 + Level 3.2 Dodging
 + Level 5.7 Stealth
 + Level 1.2 Shields
 + Level 2.7 Spellcasting
 + Level 5.3 Hexes


You had 3 spell levels left.
You knew the following spells:

 Your Spells              Type           Power        Failure   Level
c - Corona                Hex            22%          1%          1
e - Ensorcelled Hibernat  Hex/Ice        22%          9%          2
t - Confusing Touch       Hex            20%          6%          3

Your spell library contained the following spells:

 Spells                   Type           Power        Failure   Level
 Tukima's Dance           Hex            20%          6%          3
 Dazzling Flash           Conj/Hex       22%          19%         3

Inventory:

Hand Weapons
 a - a +4 dagger (weapon)
 m - a +1 short sword of venom
Armour
 b - a +0 robe (worn)
 j - a +0 buckler
Jewellery
 P - a ring of poison resistance (left hand)
Scrolls
 c - a scroll of immolation {unknown}
 d - a scroll of amnesia {unknown}
 e - a scroll of fog {unknown}
 f - 2 scrolls of magic mapping
 g - 3 scrolls of identify {@r1}
 l - a scroll of fear
Potions
 h - 2 potions of heal wounds {@q2}
 n - a potion of might
 o - a potion of cancellation {unknown}

Dungeon Overview and Level Annotations

Branches:
Dungeon (3/15)

Altars:
Gozag
Nemelex Xobeh

Annotations:
D:2 Sigmund

......##..## l
....##....###
..#...##......##
..#...##....?..#
......###.....##
.##...##.......##
....$.........#.###
..........##....S.#
..........####..@##
..........##....##
..#............##
...........>.###
...#:.......##
.....##.....#
...........
.....>...#.
...........


You could see an adder.


Message History

The helpless adder fails to defend itself.
You impale the adder!!
You kill the adder!
The adder bites you but does no damage.
Unknown command.
The adder barely misses you.
A leopard gecko comes into view.
Found a stone staircase leading down.
You see here 14 gold pieces.
The adder bites you.
* * * LOW HITPOINT WARNING * * *
Your magical contamination has completely faded away.
Found a scroll labelled OLEIWNUSUP.
Casting: Ensorcelled Hibernation (safe; 9% risk of failure)
Confirm with . or Enter, or press ? or * to list all spells.
Aiming: Ensorcelled Hibernation (safe; 9% risk of failure)
Press: ? - help, Shift-Dir - straight line, f - adder
Aim: an adder (lightly wounded, chance to affect: 50%)
The adder resists with some effort.
The adder completely misses you. The adder misses you.
You see here a scroll labelled OLEIWNUSUP.
The adder bites you.
* * * LOW HITPOINT WARNING * * *
The adder bites you.
* * * LOW HITPOINT WARNING * * *
Casting: Ensorcelled Hibernation (safe; 9% risk of failure)
Confirm with . or Enter, or press ? or * to list all spells.
You don't know that spell.
The adder bites you.
You die...

Skill      XL: |  1  2  3  4 |
---------------+-------------+-----
Fighting       | 1 |  1.6
Stealth        | 5 |  5.7
Hexes          | 5 |  5.3
Short Blades   | 2 |  2.3
Dodging        | 3 |  3.2
Shields        | 1 |  1.2
Spellcasting   | |  2.7

Action                   |  1- 3 |  4- 6 || total
-------------------------+-------+-------++-------
Melee: Dagger            |    97 |   133 ||   230
       Bite              |     7 |    13 ||    20
 Cast: Corona            |    16 |       ||    16
       Ensorcelled Hiber |    22 |    32 ||    54
       Confusing Touch   |     4 |    14 ||    18
  Use: Scroll            |       |    11 ||    11
       Potion            |       |     1 ||     1
 Stab: Sleeping          |    17 |    22 ||    39
       Confused          |     2 |     4 ||     6
Armor: Robe              |     7 |    18 ||    25
Dodge: Dodged            |    41 |   114 ||   155

Levels and vault maps discovered:
D:1:      ldierk_walled_garden_2, layout_basic, serial_forest,
          infiniplex_forest_end_3, infiniplex_forest_end_2,
          infiniplex_forest_lined_corner, infiniplex_forest_clump_diagonal,
          infiniplex_forest_end_1, infiniplex_forest_straight_3,
          infiniplex_forest_end_double
D:2:      layout_basic, grunt_temple_overflow_opulence, st_stairs_3,
          minmay_quadrilaterals, uniq_sigmund
D:3:      layout_basic
D:5:      layout_cave_pools, gammafunk_ghost_smash,
          nemelex_xobeh_ov_fountains_minmay, uniq_pikel

Notes
Turn   | Place    | Note
-------+----------+-------------------------------------------
     0 | D:1      | infcreate the Vampire Enchanter began the quest for the
                  | Orb.
     0 | D:1      | Reached XP level 1. HP: 13/13 MP: 3/3
   250 | D:1      | Reached XP level 2. HP: 15/19 MP: 0/5
   253 | D:1      | Learned a level 2 spell: Ensorcelled Hibernation
  1422 | D:2      | Reached XP level 3. HP: 25/25 MP: 6/6
  1436 | D:2      | Learned a level 3 spell: Confusing Touch
  1657 | D:2      | Found an opulent altar of Gozag.
  1657 | D:2      | Found a sparkling altar of Nemelex Xobeh.
  2048 | D:2      | Reached skill level 1 in Fighting
  2048 | D:2      | Reached skill level 5 in Stealth
  2059 | D:2      | Reached skill level 5 in Hexes
  2059 | D:2      | Reached XP level 4. HP: 25/32 MP: 0/7
  2708 | D:2      | Reached skill level 2 in Short Blades
  2937 | D:2      | Noticed Sigmund
  3399 | D:2      | Reached skill level 3 in Dodging
  3750 | D:3      | Reached skill level 1 in Shields
  3806 | D:3      | Reached XP level 5. HP: 37/37 MP: 8/8
  4606 | D:3      | You fall into a shaft and drop 2 floors!
  4606 | D:5      | Entered Level 5 of the Dungeon
  4633 | D:5      | Found a sparkling altar of Nemelex Xobeh.
  4665 | D:5      | HP: 3/37 [adder (4)]
  4681 | D:5      | HP: 3/37 [adder (4)]
  4683 | D:5      | HP: 1/37 [adder (2)]
  4685 | D:5      | Slain by an adder

Vanquished Creatures
  An orc wizard (D:3)
  A gnoll (D:2)
  10 adders
  An ooze (D:1)
  A dart slug (D:2)
  A leopard gecko (D:1)
  2 orcs (D:3)
  9 bats
  5 giant cockroaches
  6 goblins
  5 hobgoblins
  14 jackals
  11 kobolds
  3 quokkas (D:2)
  2 ball pythons
  A frilled lizard (D:1)
  4 rats
77 creatures vanquished.

Vanquished Creatures (others)
  4 plants (D:1)
  4 toadstools (D:1)
8 creatures vanquished.

Grand Total: 85 creatures vanquished

Table legend: (Time is in decaauts)
 A = Elapsed time spent in this place.
 B = Non-inter-level travel time spent in this place.
 C = Inter-level travel time spent in this place.
 D = Time resting spent in this place.
 E = Time spent auto-exploring this place.
 F = Levels seen in this place.
 G = Mean time per level.
                   A        B        C        D        E       F      G
               +--------+--------+--------+--------+--------+-----+--------+
         Total |   4667 |   2835 |   1832 |   1301 |      0 |   4 | 1166.8 |
       Dungeon |   4667 |   2835 |   1832 |   1301 |      0 |   4 | 1166.8 |
               +--------+--------+--------+--------+--------+-----+--------+

Top non-repeatable levels by time:
     D:2: 2125 daAuts
     D:1: 1526 daAuts
     D:3: 937 daAuts
     D:5: 78 daAuts

Table legend:
 A = Non-vault XP
 B = Vault XP
 C = Vault XP percentage of total XP
 D = Non-vault monster count
 E = Vault monster count
 F = Vault count percentage of total count
                 A         B        C        D         E       F
            +---------+---------+-------+---------+---------+-------
      Total |     267 |      38 |  12.5 |      70 |       7 |   9.1
            +---------+---------+-------+---------+---------+-------
        D:1 |      40 |       0 |   0.0 |      19 |       0 |   0.0
        D:2 |     101 |      38 |  27.3 |      28 |       7 |  20.0
        D:3 |     113 |       0 |   0.0 |      22 |       0 |   0.0
        D:5 |      13 |       0 |   0.0 |       1 |       0 |   0.0
            +---------+---------+-------+---------+---------+-------
